 Dungeon Crawl Stone Soup version 0.21.2-1-g0862bd2 (webtiles) character file.

82 mopl the Sneak (level 4, -2/24 HPs)
             Began as a Kobold Enchanter on Mar 23, 2019.
             Killed by divine providence
             ... invoked by an orc priest
              (14 damage)
             ... on level 2 of the Dungeon.
             The game lasted 00:06:18 (2614 turns).

mopl the Sneak (Kobold Enchanter)                   Turns: 2614, Time: 00:06:19

Health: -2/24      AC:  2    Str:  5    XL:     4   Next: 70%
Magic:  4/8        EV: 15    Int: 17    God:
Gold:   64         SH:  0    Dex: 15    Spells: 2/8 levels left

rFire    . . .     SeeInvis .   a - +1 dagger
rCold    . . .     Gourm    .   (shield restricted)
rNeg     . . .     Faith    .   w - +0 robe
rPois    .         Spirit   .   (no helmet)
rElec    .         Reflect  .   (no cloak)
rCorr    .         Harm     .   (no gloves)
MR       .....                  (no boots)
Stlth    +++.......             (no amulet)
HPRegen  0.08/turn              (no ring)
MPRegen  0.11/turn              (no ring)

@: no status effects
A: small, carnivore
a: no special abilities


You were on level 2 of the Dungeon.
You were completely stuffed.

You visited 1 branch of the dungeon, and saw 3 of its levels.

You collected 64 gold pieces.

Inventory:

Hand Weapons
 a - a +1 dagger (weapon)
 b - a +0 hunting sling
 h - a +1 hunting sling of freezing
 s - a +0 rapier
Missiles
 m - 30 sling bullets
 p - 11 poisoned needles
 q - 118 stones (quivered)
Armour
 o - a +0 buckler
 w - a +0 robe (worn)
Scrolls
 e - a scroll of teleportation {unknown}
 j - 4 scrolls of identify {unknown}
 u - a scroll of remove curse {unknown}
Potions
 f - a potion of berserk rage {unknown}
 g - 2 potions of ambrosia {unknown}
 i - 2 potions of haste {unknown}
 l - a potion of degeneration {unknown}
 n - 4 potions of agility {unknown}
 r - a potion of heal wounds {unknown}
 v - a potion of flight {unknown}
Books
 c - a book of Maledictions

   Spells                             Type                      Level
   a - Corona                         Hexes                        1
   b - Ensorcelled Hibernation        Hexes/Ice                    2
   c - Confuse                        Hexes                        3
   d - Tukima's Dance                 Hexes                        3
   e - Dazzling Spray                 Conjuration/Hexes            3
Comestibles
 d - 7 rations
 t - 2 chunks of flesh


   Skills:
 - Level 1.3 Short Blades
 - Level 2.4 Dodging
 * Level 5.3 Stealth
 + Level 2.6 Spellcasting
 * Level 3.8 Hexes
 + Level 1.1 Ice Magic


You had 2 spell levels left.
You knew the following spells:

 Your Spells              Type           Power        Failure   Level  Hunger
a - Corona                Hex            ###....      3%          1    #......
b - Ensorcelled Hibernat  Hex/Ice        ##....       10%         2    ##.....
c - Confuse               Hex            ###.....     11%         3    ###....


Dungeon Overview and Level Annotations

Branches:
Dungeon (3/15)

Altars:


Innate Abilities, Weirdness & Mutations

You are small and have problems with some larger weapons.
You are carnivorous and can eat meat at any time.


Message History

Aiming: Ensorcelled Hibernation
Press: ? - help, Shift-Dir - straight line, f - orc priest
Aim: an orc priest, wielding a whip (chance to defeat MR: 41%)
The orc priest resists with some effort.
The orc priest hits you with a whip. The orc hits you with a club.
The orc closely misses you.
Unknown command.
Casting: Ensorcelled Hibernation
Confirm with . or Enter, or press ? or * to list all spells.
Aiming: Ensorcelled Hibernation
Press: ? - help, Shift-Dir - straight line, f/p - orc priest
Aim: an orc priest, wielding a whip (chance to defeat MR: 41%)
The orc priest resists with some effort.
The orc priest hits you with a whip. The orc barely misses you.
Unknown command.
You see here a ring mail.
The orc priest calls down the wrath of Beogh upon you.
Beogh smites you!
Ouch! That really hurt!
You die...

#.....#..†...............####.#..
#.....#.######..#...###..........
#.......# ##.#.#..............
#.....### ###.......####..#....
#.....# ###....).##...........>
#.....# ##...##.<###(...###.....
#####.# #....##..# #.##.# #.....
#####.####....##..# #.##.# #.....
#.............##@.# #.##.#####...
#...........)o[o..# #.##...# ###.
#......)...[)o#...###.####.# ##
#...........>.###.....####.# ####
#...........o.# #...#......###...
#.).......##### ##.######..##8...
#.........# ##..# #........
#.........######..## #......>.
#.........#......## ###......


You could see an orc priest and 2 orcs.

Vanquished Creatures
  2 adders (D:2)
  2 oozes
  A dart slug (D:1)
  2 leopard geckos (D:2)
  2 orcs
  6 bats
  3 giant cockroaches (D:1)
  3 goblins
  8 hobgoblins
  2 jackals (D:1)
  A ball python (D:1)
  3 frilled lizards
  5 kobolds
  8 rats
48 creatures vanquished.

Notes
Turn   | Place    | Note
-------+----------+-------------------------------------------
     0 | D:1      | mopl the Kobold Enchanter began the quest for the Orb.
     0 | D:1      | Reached XP level 1. HP: 10/10 MP: 3/3
   465 | D:1      | Reached XP level 2. HP: 14/15 MP: 5/5
   472 | D:1      | Learned a level 2 spell: Ensorcelled Hibernation
  1351 | D:1      | Reached XP level 3. HP: 12/19 MP: 3/6
  2102 | D:2      | Reached skill level 5 in Stealth
  2102 | D:2      | Reached XP level 4. HP: 24/24 MP: 7/7
  2107 | D:2      | Learned a level 3 spell: Confuse
  2269 | D:2      | Reached skill level 1 in Ice Magic
  2614 | D:2      | Killed from afar by an orc priest

Skill      XL: |  1  2  3  4 |
---------------+-------------+-----
Stealth        | 5 |  5.3
Ice Magic      | 1 |  1.1
Short Blades   | |  1.3
Dodging        | |  2.4
Spellcasting   | |  2.6
Hexes          | |  3.8

Action                   |  1- 3 |  4- 6 || total
-------------------------+-------+-------++-------
Melee: Dagger            |   117 |    55 ||   172
 Fire: Hunting sling     |       |     2 ||     2
 Cast: Corona            |     7 |     2 ||     9
       Ensorcelled Hiber |    16 |    11 ||    27
 Stab: Sleeping          |    14 |     7 ||    21
  Eat: Chunk             |    13 |     3 ||    16
Armor: Robe              |    28 |     9 ||    37
Dodge: Dodged            |   108 |    61 ||   169
